 Dungeon Crawl Stone Soup version 0.18.1-5-g4a78601 (webtiles) character file.

165 Chemotherapy the Chopper (level 5, -2/26 HPs)
             Began as a Vine Stalker Skald on May 11, 2016.
             Was an Initiate of Okawaru.
             Killed from afar by an orc wizard (4 damage)
             ... with a puff of flame
             ... on level 4 of the Dungeon.
             The game lasted 00:05:57 (1896 turns).

Chemotherapy the Chopper (Vine Stalker Skald)       Turns: 1896, Time: 00:05:58

Health: -2/26      AC:  6    Str: 15    XL:     5   Next: 46%
Magic:  0/9        EV: 11    Int: 13    God:    Okawaru [......]
Gold:   174        SH:  0    Dex: 13    Spells: 3 memorised, 3 levels left

rFire  . . .     SeeInvis .     a - +0 hand axe
rCold  . . .     Gourm    .     b - +0 leather armour
rNeg   . . .     Faith    .     (no shield)
rPois  .         Spirit   +     j - +0 helmet
rElec  .         Dismiss  .     n - +0 cloak
rCorr  .         Reflect  .     m - +0 pair of gloves
SustAt .         Harm     .     (no boots)
MR     .....                    (no amulet)
Stlth  +.........               (no ring)
                                (no ring)

@: confused, infused, not resistant to hostile enchantments, very unstealthy
A: fangs 2, regeneration 1, magic shield, antimagic bite, no device heal 3, rot
immunity
a: Renounce Religion


You were on level 4 of the Dungeon.
You worshipped Okawaru.
Okawaru was noncommittal.
You were not hungry.

You visited 1 branch of the dungeon, and saw 4 of its levels.

You collected 174 gold pieces.

Inventory:

Hand Weapons
 a - a +0 hand axe (weapon)
Armour
 b - a +0 leather armour (worn)
 j - a +0 helmet (worn)
   (You found it on level 1 of the Dungeon)
 m - a +0 pair of gloves (worn)
   (You found it on level 2 of the Dungeon)
 n - a +0 cloak (worn)
   (You took it off Crazy Yiuf on level 2 of the Dungeon)
Wands
 y - a wand of slowing (39/48)
   (You found it on level 3 of the Dungeon)
Scrolls
 h - a scroll of amnesia
 i - a scroll of enchant weapon {unknown}
 k - 3 scrolls of remove curse
 q - a scroll of teleportation {unknown}
 r - a scroll of random uselessness {unknown}
 u - a scroll of recharging {unknown}
 v - a scroll of magic mapping {unknown}
Potions
 e - a potion of invisibility {unknown}
 g - a potion of flight {unknown}
 o - a potion of haste
 p - 3 potions of degeneration {unknown}
 s - a potion of magic {unknown}
 t - a potion of lignification {!q}
 w - a potion of brilliance {unknown}
Books
 c - a book of Battle
Comestibles
 d - 6 bread rations {@e1}
 f - a chunk of flesh {@w0}
 l - a meat ration {@e2}
 x - a royal jelly


   Skills:
 - Level 1.7 Fighting
 * Level 4.3 Axes
 - Level 0.7 Armour
 - Level 0.7 Dodging
 + Level 2.5 Spellcasting
 + Level 3.4 Charms
 + Level 1.1 Necromancy


You had 3 spell levels left.
You knew the following spells:

 Your Spells              Type           Power        Failure   Level  Hunger
a - Infusion              Chrm           ##..         10%         1    #......
r - Regeneration          Chrm/Necr      #.........   38%         3    ###....
s - Shroud of Golubria    Chrm/Tloc      #.........   24%         2    ###....


Dungeon Overview and Level Annotations

Branches:
Dungeon (4/15)
 Temple: D:4-7

Altars:
Okawaru
Xom


Innate Abilities, Weirdness & Mutations

You have extremely sharp teeth.
Your natural rate of healing is unusually fast.
When hurt, damage is shared between your health and your magic reserves.
Your bite disrupts and absorbs the magic of your enemies.
Potions and wands cannot restore your health.
You are immune to rotting.


Message History

r - Retreat! s - Stop attacking. w - Wait here. f - Follow me.
Anything else - Stay silent.
You shout for attention!
You hear a shout!
What do you say? t - Shout!
Orders for allies: a - Attack new target. r - Retreat! s - Stop attacking. w - Wait here. f - Follow me.
Anything else - Stay silent.
You shout for attention!
You start waiting.
You begin infusing your attacks with magical energy.
You now have 8/9 mp.
You hit the orc priest. Your bite misses the orc priest.
The orc priest hits you with a hand axe.
You take 1 damage, and have 25/26 hp.
You now have 7/9 mp.
You barely miss the orc priest.
The orc priest hits you but does no damage.
You hit the orc priest. The orc priest closely misses you.
Health restored: 26 You now have 6/9 mp.
You completely miss the orc priest. Your bite misses the orc priest.
The orc priest closely misses you.
You closely miss the orc priest. You bite the orc priest. You drain its power.
You feel invigorated.
Your magical infusion is running out.
The orc priest hits you but does no damage.
MP restored: 9 You hit the orc priest!
You kill the orc priest!
Okawaru accepts your kill.
You now have 8/9 mp.
You see here a hand axe.
The orc wizard shouts!
An orc wizard comes into view. It is wielding a dagger.
The orc wizard shouts!
The orc wizard completely misses you.
Some of the chunks of flesh in your inventory have rotted away.
MP restored: 9 You hit the orc wizard. x2
The orc wizard hits you but does no damage. x2
A worker ant comes into view.
Unknown command.
You barely miss the orc wizard. Your bite misses the orc wizard.
You hit the orc wizard.
You are no longer magically infusing your attacks.
The orc wizard closely misses you. The orc wizard hits you with a dagger.
The orc wizard misses you.
You take 5 damage, and have 21/26 hp.
You now have 6/9 mp.
You slash the orc wizard! You closely miss the orc wizard.
The orc wizard casts a spell at you. The magic dart hits you!
The worker ant waves its antennae.
The orc wizard hits you but does no damage.
You take 5 damage, and have 16/26 hp.
You now have 5/9 mp.
You begin infusing your attacks with magical energy.
The orc wizard hits you with a dagger. The orc wizard casts a spell at you.
The magic dart hits you!
You take 6 damage, and have 10/26 hp.
MASSIVE DAMAGE!!
You now have 3/9 mp.
You hit the orc wizard. Your bite misses the orc wizard.
You hit the orc wizard. The orc wizard casts a spell at you.
You are confused.
The orc wizard hits you with a dagger.
* * * LOW HITPOINT WARNING * * *
The orc wizard gestures wildly while chanting.
The orc wizard flickers and vanishes!
Deactivating autopickup; reactivate with Ctrl-A.
You take 3 damage, and have 7/26 hp.
You now have 1/9 mp.
Drink which item? (? for menu, Esc to quit)
Okay, then.
You completely miss the orc wizard. You barely miss something.
The orc wizard hits you but does no damage.
You hear some strange, mumbled words.
A puff of flame appears from out of thin air!
The puff of flame misses you. The worker ant bites you.
* * * LOW HITPOINT WARNING * * *
Unknown command.
You take 2 damage, and have 5/26 hp.
You now have 0/9 mp.
You hit the orc wizard. Your bite misses the orc wizard.
You barely miss the worker ant. You closely miss something.
The orc wizard gestures wildly while chanting.
The orc wizard flickers and vanishes!
The worker ant misses you.
You hear some strange, mumbled words.
A magic dart appears from out of thin air!
The magic dart hits you!
* * * LOW HITPOINT WARNING * * *
You take 4 damage, and have 1/26 hp.
Unknown command.
You barely miss something. You bite something. You miss something.
You hit the worker ant but do no damage.
The worker ant bites you but does no damage.
You hear some strange, mumbled words.
A puff of flame appears from out of thin air!
The puff of flame hits you!
You die...

#. #.# #.#
#.# #.#
#.#
##[#####
#...)..#
#.@###.#
#a{{...#
#.#..#####
#....#
#.....#
#......#
#.#..[<#
.......##
.....)...


You could see a worker ant.

Vanquished Creatures
  Crazy Yiuf (D:2)
  An orc priest (D:4)
  Robin (D:2)
  3 adders
  2 dart slugs
  2 worms (D:3)
  2 giant geckos (D:2)
  An orc (D:3)
  5 bats
  4 giant cockroaches
  14 goblins
  8 hobgoblins
  3 kobolds
  2 quokkas
  2 giant newts
  3 rats
54 creatures vanquished.

Notes
Turn   | Place    | Note
--------------------------------------------------------------
     0 | D:1      | Chemotherapy the Vine Stalker Skald began the quest for the Orb.
     0 | D:1      | Reached XP level 1. HP: 11/11 MP: 4/4
     7 | D:1      | Reached skill level 2 in Axes
    25 | D:1      | Reached XP level 2. HP: 15/15 MP: 6/6
    33 | D:1      | Learned a level 2 spell: Shroud of Golubria
   203 | D:1      | You fall through a shaft!
   415 | D:1      | Found a shimmering altar of Xom.
   537 | D:2      | Noticed Crazy Yiuf
   550 | D:2      | Killed Crazy Yiuf
   550 | D:2      | Reached skill level 3 in Axes
   550 | D:2      | Reached XP level 3. HP: 16/18 MP: 0/7
   584 | D:2      | Found an iron altar of Okawaru.
   603 | D:2      | Became a worshipper of Warmaster Okawaru
   687 | D:2      | Reached XP level 4. HP: 23/23 MP: 3/8
   705 | D:2      | Learned a level 3 spell: Regeneration
   798 | D:2      | Noticed Robin
   890 | D:2      | Reached skill level 4 in Axes
   897 | D:2      | Killed Robin
  1191 | D:3      | Reached XP level 5. HP: 26/26 MP: 2/9
  1653 | D:3      | Reached skill level 1 in Necromancy
  1894 | D:4      | HP: 5/26 [worker ant (2)]
  1895 | D:4      | HP: 1/26 [something/magic dart (4)]
  1896 | D:4      | Killed from afar by an orc wizard

Skill      XL: |  1  2  3  4  5 |
---------------+----------------+-----
Axes           | 2 3 4 |  4.3
Necromancy     | 1 |  1.1
Fighting       | |  1.7
Armour         | |  0.7
Dodging        | |  0.7
Spellcasting   | |  2.5
Charms         | |  3.4

Action                   |  1- 3 |  4- 6 || total
-------------------------+-------+-------++-------
Melee: Hand axe          |    51 |   110 ||   161
       Bite              |     5 |    21 ||    26
 Cast: Infusion          |     2 |     5 ||     7
       Shroud of Golubri |     1 |     3 ||     4
       Regeneration      |       |     1 ||     1
  Use: Scroll            |       |     4 ||     4
  Eat: Chunk             |       |     4 ||     4
Armor: Leather armour    |    13 |    34 ||    47
Dodge: Dodged            |    32 |    60 ||    92

Vault maps used:
D:1:      dpeg_arrival_stonehenge_8_columns, xom_teletrap_fun
D:2:      okawaru_gym_becter, uniq_crazy_yiuf_cottage, uniq_robin
D:4:      lemuel_tele_altar, uniq_duvessa, uniq_grinder, uniq_sigmund,
          uniq_edmund

Table legend:
 A = Turns spent in this place as a percentage of turns spent in the entire game.
 B = Non-inter-level travel turns spent in this place as a percentage of non-inter-level travel turns spent in the entire game.
 C = Inter-level travel turns spent in this place as a percentage of turns spent in this place.
 D = Turns resting spent in this place as a percentage of non-inter-level travel turns spent in this place.
 E = Turns spent auto-exploring this place as a percentage of non-inter-level travel turns spent in this place.
 F = Non-inter-level travel turns spent in this place divided by the number of levels of this place that you've seen.
                   A       B       C       D       E      F
               +-------+-------+-------+-------+-------+----------------------
         Total | 100.0 | 100.0 |   0.7 |   3.9 |  12.0 | 142.2
       Dungeon | 100.0 | 100.0 |   0.7 |   3.9 |  12.0 | 142.2
               +-------+-------+-------+-------+-------+----------------------

Table legend:
 A = Kills in this place as a percentage of kills in entire the game.
 B = Kills by you in this place as a percentage of kills by you in the entire game.
 C = Kills by friends in this place as a percentage of kills by friends in the entire game.
 D = Other kills in this place as a percentage of other kills in the entire game.
 E = Experience gained in this place as a percentage of experience gained in the entire game.
 F = Experience gained in this place divided by the number of levels of this place that you have seen.
                   A       B       C       D       E      F
               +-------+-------+-------+-------+-------+----------------------
         Total | 100.0 | 100.0 |  -nan |  -nan | 100.0 |  59.2
       Dungeon | 100.0 | 100.0 |  -nan |  -nan | 100.0 |  59.2
               +-------+-------+-------+-------+-------+----------------------
